 Dungeon Crawl Stone Soup version 0.23.2 (webtiles) character file.

Game seed: 12189830456460344230

76 Borgoz the Skirmisher (level 4, 0/29 HPs)
             Began as a Kobold Fighter on Apr 9, 2019.
             Slain by a hobgoblin (2 damage)
             ... on level 2 of the Dungeon.
             The game lasted 00:04:04 (1569 turns).

Borgoz the Skirmisher (Kobold Fighter)              Turns: 1569, Time: 00:04:05

Health: 0/29       AC:  6    Str: 11 (13) XL:     4   Next: 57%
Magic:  5/5        EV: 11    Int: 10 (11) God:
Gold:   121        SH:  0    Dex: 12 (15) Spells: 5/5 levels left

rFire    . . .     SeeInvis .   a - +0 rapier
rCold    . . .     Gourm    .   (shield restricted)
rNeg     . . .     Faith    .   b - +0 scale mail
rPois    .         Spirit   .   (no helmet)
rElec    .         Reflect  .   (no cloak)
rCorr    .         Harm     .   (no gloves)
MR       .....                  (no boots)
Stlth    +.........             (no amulet)
HPRegen  0.09/turn              e - ring of stealth
MPRegen  0.09/turn              p - +2 ring of intelligence

@: flying
A: small, carnivore
a: no special abilities


You were on level 2 of the Dungeon.
You were very full.

You visited 1 branch of the dungeon, and saw 2 of its levels.

You collected 121 gold pieces.

Inventory:

Hand Weapons
 a - a +0 rapier (weapon)
Armour
 b - a +0 scale mail (worn)
 c - a +0 shield
Jewellery
 e - a ring of stealth (left hand)
 p - a +2 ring of intelligence (right hand)
Scrolls
 g - 3 scrolls of teleportation
 h - a scroll of blinking {unknown}
 i - a scroll of fog {unknown}
 m - a scroll of random uselessness {unknown}
Potions
 d - a potion of haste
 k - a potion of lignification
Comestibles
 f - 5 rations


   Skills:
 + Level 3.7 Fighting
 + Level 3.3 Short Blades
 * Level 3.0 Armour
 + Level 1.2 Dodging
 + Level 1.7 Stealth
 - Level 2.4 Shields
 + Level 1.1 Spellcasting


You had 5 spell levels left.
You didn't know any spells.
Your spell library was empty.

Dungeon Overview and Level Annotations

Branches:
Dungeon (2/15)

Altars:


Innate Abilities, Weirdness & Mutations

You are small and have problems with some larger weapons.
You are carnivorous and can eat meat at any time.


Message History

You barely miss the hobgoblin.
The hobgoblin hits you but does no damage.
You closely miss the hobgoblin.
You feel sick.
You are no longer poisoned.
The hobgoblin hits you but does no damage.
You closely miss the hobgoblin. The hobgoblin hits you.
* * * LOW HITPOINT WARNING * * *
You closely miss the hobgoblin. The hobgoblin barely misses you.
The hobgoblin hits you but does no damage.
It was a potion of degeneration.
There was something very wrong with that liquid.
You feel weakened.
You feel dopey.
You feel clumsy. The hobgoblin barely misses you.
It was a potion of flight.
You feel very buoyant.
You fly up into the air.
The hobgoblin hits you but does no damage.
It was a potion of magic.
Magic courses through your body. The hobgoblin hits you.
You die...

## # !#### #.#.#.####
#...#..#.####
#.g.#...#.######
#.....#@%.#....)...#
...#.#.w.#...#.####.#
. #...#..#.####....#
#.#.#.#######.#.##
#[[##### #...###..
### #.###.##.# ###
#.###.##...##.#
#..........# .#
#.###(##...# #


You could see a worm and a hobgoblin.

Vanquished Creatures
  4 adders (D:2)
  A dart slug (D:1)
  A giant cockroach (D:1)
  6 goblins
  5 hobgoblins
  5 jackals
  A kobold (D:2)
  2 quokkas (D:2)
  4 bats
  4 frilled lizards
  4 rats
37 creatures vanquished.

Notes
Turn   | Place    | Note
-------+----------+-------------------------------------------
     0 | D:1      | Borgoz the Kobold Fighter began the quest for the Orb.
     0 | D:1      | Reached XP level 1. HP: 14/14 MP: 1/1
   262 | D:1      | Reached XP level 2. HP: 19/19 MP: 2/2
   468 | D:1      | Reached skill level 1 in Stealth
  1026 | D:2      | Reached XP level 3. HP: 22/23 MP: 3/3
  1231 | D:2      | Reached skill level 1 in Dodging
  1244 | D:2      | Reached skill level 1 in Spellcasting
  1302 | D:2      | Reached XP level 4. HP: 24/29 MP: 5/5
  1569 | D:2      | Slain by a hobgoblin

Skill      XL: |  1  2  3 |
---------------+----------+-----
Stealth        | 1 |  1.7
Short Blades   | 3 |  3.3
Dodging        | 1 |  1.2
Spellcasting   | 1 |  1.1
Armour         | 3 |  3.0
Fighting       | |  3.7
Shields        | |  2.4

Action                   |  1- 3 |  4- 6 || total
-------------------------+-------+-------++-------
Melee: Rapier            |   130 |    25 ||   155
  Use: Scroll            |     2 |       ||     2
       Potion            |     2 |     3 ||     5
 Stab: Distracted        |     1 |       ||     1
  Eat: Chunk             |    10 |       ||    10
Armor: Scale mail        |    41 |    11 ||    52
       Skin              |     7 |       ||     7
Dodge: Dodged            |    89 |    11 ||   100
